[Event "47th Rilton Cup 2017"]
[Site "?"]
[Date "2018.01.04"]
[Round "8"]
[White "Alekseenko, Kirill"]
[Black "Krasenkow, Michal"]
[Result "1-0"]
[ECO "B24"]
[WhiteElo "2590"]
[BlackElo "2671"]
[PlyCount "99"]
[EventDate "2018.??.??"]
[EventType "swiss"]
[EventCountry "SWE"]
[SourceTitle "Stockholm"]
[TimeControl "40/5400+30:1800+30"]
[WhiteClock "0:15:58"]
[BlackClock "0:26:21"]

1. e4 c5 2. Nc3 Nc6 3. Bb5 Nd4 4. Nf3 e6 5. O-O a6 6. Bd3 Nxf3+ 7. Qxf3 Bd6 8. Be2 Qc7 9. Qh3 Ne7 10. d3 Ng6 11. g3 h5 12. f4 h4 13. Qg2 hxg3 14. hxg3 Be7 15. Be3 b6 16. e5 Bb7 17. Bf3 O-O-O 18. d4 cxd4 19. Bxd4 Rh6 20. f5 Nxe5 21. Bxb7+ Kb8 22. Bxa6 Bc5 23. Nb5 Bxd4+ 24. Nxd4 Rdh8 25. fxe6 fxe6 26. Rae1 Ng4 27. Rf4 Nf6 28. Rf3 Qc5 29. c3 Qd5 30. Ref1 e5 31. Nf5 Rh2 32. Qxh2 Rxh2 33. Kxh2 e4 34. Rf4 Qxa2 35. Nxg7 Nd5 36. Rf8+ Ka7 37. Be2 Qxb2 38. R1f2 Nxc3 39. Bf1 Qc1 40. R8f7 b5 41. Rxd7+ Kb6 42. Rf6+ Ka5 43. Ne6 Qb2+ 44. Kh3 Nd5 45. Rxd5 Qxf6 46. Rxb5+ Ka4 47. Nf4 e3 48. Be2 Qe7 49. g4 Qe4 50. Kg3 1-0

[Event "47th Rilton Cup 2017"]
[Site "?"]
[Date "2018.01.04"]
[Round "8"]
[White "Bellia, Fabrizio"]
[Black "Hillarp Persson, Tiger"]
[Result "0-1"]
[ECO "B30"]
[WhiteElo "2435"]
[BlackElo "2537"]
[Annotator "RC"]
[PlyCount "66"]
[EventDate "2018.??.??"]
[EventType "swiss"]
[EventCountry "SWE"]
[SourceTitle "Stockholm"]
[TimeControl "40/5400+30:1800+30"]
[WhiteClock "0:02:03"]
[BlackClock "0:01:37"]

1. e4 c5 2. Nf3 Nc6 3. Bb5 Nf6 4. e5 Nd5 5. c3 Qc7 6. Qe2 g5 7. Qe4 g4 8. Qxd5 gxf3 9. Qxf3 Nxe5 10. Qg3 a6 11. d4 axb5 12. dxe5 Ra6 13. Bf4 Rg6 14. Qe3 Rxg2 15. Nd2 Qc6 16. O-O-O b6 17. Ne4 Bb7 18. f3 Qe6 19. Rhg1 Rg6 20. Rge1 Bc6 21. Qd2 Qxa2 22. Nf6+ exf6 23. exf6+ Kd8 24. Re2 b4 25. Qe3 Qa1+ 26. Kc2 Ba4+ 27. b3 Bxb3+ 28. Kxb3 Qxd1+ 29. Kc4 Bd6 30. Rd2 Qf1+ 31. Rd3 Re8 32. Qd2 b5+ 33. Kxb5 Bxf4 0-1

[Event "47th Rilton Cup 2017"]
[Site "?"]
[Date "2018.01.05"]
[Round "9"]
[White "Antipov, Mikhail Al"]
[Black "Kulaots, Kaido"]
[Result "*"]
[ECO "B48"]
[WhiteElo "2588"]
[BlackElo "2591"]
[PlyCount "31"]
[EventDate "2018.??.??"]
[EventType "swiss"]
[EventCountry "SWE"]
[SourceTitle "Stockholm"]
[TimeControl "40/5400+30:1800+30"]
[WhiteClock "1:19:52"]
[BlackClock "1:21:36"]

1. e4 c5 2. Nf3 e6 3. d4 cxd4 4. Nxd4 Nc6 5. Nc3 Qc7 6. Be3 a6 7. Qf3 Nf6 8. O-O-O Ne5 9. Qg3 b5 10. f4 Neg4 11. Bg1 h5 12. Bd3 Bb7 13. e5 b4 14. Na4 Nd5 15. h3 Nh6 16. f5 *